 Dungeon Crawl Stone Soup version 0.26.1-15-g04117e645d (webtiles) character file.

Game seed: 7469170256880409034

4151 mrburnz the Basher (level 10, 0/93 HPs)
             Began as a Minotaur Berserker on July 1, 2021.
             Was a High Priest of Trog.
             Succumbed to a killer bee's poison
             ... on level 8 of the Dungeon on May 21, 2022.
             The game lasted 00:54:11 (8316 turns).

mrburnz the Basher (Minotaur Berserker)             Turns: 8316, Time: 00:54:14

Health: 0/93       AC: 16    Str: 25    XL:     10   Next: 7%
Magic:  9/9        EV:  5    Int:  4    God:    Trog [*****.]
Gold:   409        SH:  0    Dex: 13    Spells: 9/9 levels left

rFire    . . .     SeeInvis .   M - +7 great mace (vorpal)
rCold    . . .     Faith    .   (shield currently unavailable)
rNeg     . . .     Spirit   .   N - +0 plate armour
rPois    .         Reflect  .   (helmet restricted)
rElec    .         Harm     .   (no cloak)
rCorr    .         Rampage  .   t - +2 pair of gloves {Dex+3}
Will     +....                  (no boots)
Stlth    ..........             (no amulet)
HPRegen  0.25/turn              (no ring)
MPRegen  0.11/turn              h - ring of willpower

@: lethally poisoned (0 -> -23), berserk cooldown, held, slowed, very slow
A: retaliatory headbutt, horns 2
a: Renounce Religion, Berserk, Trog's Hand, Brothers in Arms


You were on level 8 of the Dungeon.
You worshipped Trog.
Trog was extremely pleased with you.
You visited 1 branch of the dungeon, and saw 8 of its levels.
You also visited: Sewer and Ossuary.

You collected 409 gold pieces.

Inventory:

Hand Weapons
 p - a +0 flail
 B - a +0 flail of protection
 C - a +2 vorpal morningstar
 M - a +7 vorpal great mace (weapon)
Armour
 e - a +0 helmet
 q - a +0 chain mail
 t - a +2 pair of gloves of dexterity (worn)
 N - a +0 plate armour (worn)
Jewellery
 h - a ring of willpower (right hand)
 y - an uncursed ring of stealth
Wands
 r - a wand of flame (42)
 u - a wand of paralysis (6)
 w - a wand of random effects (16)
 x - a wand of polymorph (6)
 K - a wand of enslavement (12)
Scrolls
 a - a scroll of magic mapping
 c - 11 scrolls of remove curse
 f - a scroll of enchant armour {unknown}
 g - 4 scrolls of teleportation
 i - 3 scrolls of immolation
 j - a scroll of amnesia {unknown}
 v - 2 scrolls of fear {unknown}
 A - a scroll of noise {unknown}
 E - 3 scrolls of random uselessness {unknown}
 H - 3 scrolls of blinking {unknown}
 I - a scroll of vulnerability {unknown}
 L - a scroll of brand weapon {unknown}
Potions
 b - 3 potions of mutation
 d - 2 potions of might
 k - 4 potions of flight
 l - a potion of berserk rage {unknown}
 m - 2 potions of ambrosia {unknown}
 n - a potion of magic {unknown}
 o - 5 potions of curing
 s - 5 potions of haste {unknown}
 z - a potion of degeneration {unknown}
 D - a potion of heal wounds
 F - a potion of resistance {unknown}
 G - a potion of brilliance {unknown}
 J - a potion of attraction {unknown}


   Skills:
 * Level 9.9 Fighting
 * Level 13.1 Maces & Flails
 + Level 6.3 Armour
 - Level 3.8 Dodging
 - Level 0.2 Stealth


You had 9 spell levels left.
You didn't know any spells.
Your spell library was empty.

Dungeon Overview and Level Annotations

Branches:
Dungeon (8/15)             Temple (0/1) D:6           Sewer (visited)
Ossuary (visited)
   Lair: D:8-11

Altars:
Ashenzari
Kikubaaqudgha
Okawaru
Qazlal
Ru
Trog
Uskayaw
Xom

Annotations:
D:8 Gastronok, Harold


Innate Abilities, Weirdness & Mutations

You reflexively headbutt those who attack you in melee.
You have a pair of horns on your head.


Message History

The killer bee stings you but does no damage.
Harold barely misses you. You furiously retaliate!
You headbutt Harold, but do no damage.
The ufetubus hits you but does no damage.
The ufetubus barely misses you.
The killer bee stings you but does no damage.
You remove your +4 ring of slaying.
* * * LOW HITPOINT WARNING * * *
You feel sick. The killer bee stings you.
* * * LOW HITPOINT WARNING * * *
The killer bee stings you.
* * * LOW HITPOINT WARNING * * *
You are more poisoned.
The killer bee poisons you!
The killer bee stings you but does no damage.
The killer bee stings you.
* * * LOW HITPOINT WARNING * * *
The ufetubus hits you but does no damage. x2
You drop a +4 ring of slaying.
You die...

.....##.[...
............##...
..5#......##
.>... ...###..###
.... .. ###.#
.... #y#....# w..
######.y....###
#......yy......
......y@#
#....>5@#
##........#
#........#
#<.......#
#...#.....#
#...#...... #..
....##.. ..
.....# .##


You could see Harold, 5 killer bees, a white imp and an ufetubus.

Vanquished Creatures
  The ghost of Corwin the Chopper, a novice HuBe of Trog (D:4)
  The ghost of 0gre the Chiller, a novice GnIE of Vehumet (D:5)
  A troll (D:6)
  Eustachio (D:5)
  Duvessa (D:6)
  An orc warrior (D:7)
  2 ice beasts (D:6)
  A sky beast (D:6)
  A black bear (D:6)
  A phantom (D:5)
  6 ogres
  An eye of draining (D:5)
  A bullfrog (D:2)
  Dowan (D:6)
  14 killer bees
  A scorpion (D:6)
  3 howler monkeys (D:7)
  Crazy Yiuf (D:5)
  5 hounds
  2 jellies
  An orc priest (D:6)
  2 bullfrog skeletons (D:6)
  2 iguanas (D:6)
  Ijyb (D:5)
  5 orc wizards
  A worker ant (D:4)
  14 mummies
  10 gnolls
  2 howler monkey skeletons
  10 adders
  A white imp (D:6)
  An ufetubus (D:7)
  An ooze (D:6)
  An adder skeleton (D:5)
  2 worms
  2 dart slugs
  8 leopard geckos
  27 orcs
  11 bats
  5 giant cockroaches
  4 goblins
  10 hobgoblins
  3 jackals (D:2)
  4 quokkas
  A ball python (D:5)
  2 frilled lizards (D:2)
  A giant cockroach zombie (D:6)
  4 gnoll skeletons (Ossuary)
  3 goblin skeletons (Ossuary)
  9 kobolds
  An orc skeleton (Ossuary)
  2 quokka zombies
  14 rats
  11 rat skeletons (Ossuary)
222 creatures vanquished.

Vanquished Creatures (others)
  6 plants (D:6)
6 creatures vanquished.

Grand Total: 228 creatures vanquished

Notes
Turn   | Place    | Note
-------+----------+-------------------------------------------
     0 | D:1      | mrburnz the Minotaur Berserker began the quest for the Orb.
     0 | D:1      | Reached XP level 1. HP: 19/19 MP: 0/0
   217 | D:1      | Reached skill level 4 in Maces & Flails
   351 | D:1      | Reached XP level 2. HP: 27/27 MP: 1/1
   906 | D:2      | Reached XP level 3. HP: 33/33 MP: 2/2
   906 | D:2      | Upgraded the game from 0.26.1-11-gd32895ea62 to
                  | 0.26.1-15-g04117e645d
   915 | D:2      | Noticed a bullfrog
   921 | D:2      | Killed a bullfrog
   922 | D:2      | Reached skill level 5 in Maces & Flails
   922 | D:2      | Reached XP level 4. HP: 38/41 MP: 3/3
   978 | D:2      | Reached ** piety under Trog
  1031 | D:2      | Reached XP level 5. HP: 41/47 MP: 4/4
  1520 | D:3      | Noticed an ogre
  1524 | D:3      | Killed an ogre
  1799 | D:3      | Found a glowing drain.
  1808 | D:3      | Reached XP level 6. HP: 53/55 MP: 5/5
  1823 | Sewer    | Entered a sewer
  1860 | Sewer    | Reached *** piety under Trog
  2365 | D:3      | Reached skill level 5 in Fighting
  3090 | D:4      | Found a runed translucent door.
  3090 | D:4      | Noticed Corwin's ghost (novice HuBe)
  3202 | D:4      | Reached skill level 6 in Maces & Flails
  3918 | D:4      | Killed Corwin's ghost
  3919 | D:4      | Reached skill level 7 in Maces & Flails
  3919 | D:4      | Reached XP level 7. HP: 25/63 MP: 6/6
  4288 | D:5      | Entered Level 5 of the Dungeon
  4288 | D:5      | Noticed Ijyb
  4295 | D:5      | Reached skill level 8 in Maces & Flails
  4304 | D:5      | Killed Ijyb
  4670 | D:5      | Noticed Eustachio
  4687 | D:5      | Killed Eustachio
  4688 | D:5      | Reached XP level 8. HP: 71/71 MP: 7/7
  4691 | D:5      | Found a bloodstained altar of Trog.
  4894 | D:5      | Reached skill level 9 in Maces & Flails
  4926 | D:5      | Reached **** piety under Trog
  4996 | D:5      | Found a runed translucent door.
  5010 | D:5      | Noticed 0gre's ghost (novice GnIE)
  5030 | D:5      | Killed 0gre's ghost
  5031 | D:5      | Reached skill level 5 in Armour
  5302 | D:5      | Found a runed translucent door.
  5303 | D:5      | Noticed Crazy Yiuf
  5307 | D:5      | Killed Crazy Yiuf
  5428 | D:6      | Reached skill level 10 in Maces & Flails
  5772 | D:6      | Found a sand-covered staircase.
  5781 | Ossuary  | Entered an ossuary
  6081 | Ossuary  | Reached XP level 9. HP: 82/82 MP: 8/8
  6239 | D:6      | Noticed Dowan
  6240 | D:6      | Noticed Duvessa
  6248 | D:6      | Killed Duvessa
  6257 | D:6      | Killed Dowan
  6258 | D:6      | Reached skill level 11 in Maces & Flails
  6319 | D:6      | Reached ***** piety under Trog
  6502 | D:6      | Found a staircase to the Ecumenical Temple.
  6884 | D:6      | Reached skill level 12 in Maces & Flails
  6973 | D:6      | Noticed a troll
  6978 | D:6      | Killed a troll
  7480 | D:7      | Received a gift from Trog
  7879 | D:7      | Reached skill level 13 in Maces & Flails
  7879 | D:7      | Reached XP level 10. HP: 93/93 MP: 9/9
  8079 | D:7      | Found a stormy altar of Qazlal.
  8079 | D:7      | Found a broken altar of Ashenzari.
  8081 | D:7      | Found a hide-covered altar of Uskayaw.
  8082 | D:7      | Found a sacrificial altar of Ru.
  8083 | D:7      | Found a shimmering altar of Xom.
  8084 | D:7      | Found an iron altar of Okawaru.
  8140 | D:7      | Found an ancient bone altar of Kikubaaqudgha.
  8291 | D:8      | Noticed Gastronok
  8310 | D:8      | Noticed Harold
  8315 | D:8      | HP: 3/93 [killer bee (5)]
  8316 | D:8      | Succumbed to a killer bee's poison

Illustrated notes

Levels and vault maps discovered:
D:1:      saegor_arrival_simple_b, layout_basic
D:2:      layout_rooms, kennysheep_generic_room_5
D:3:      layout_loops_corners, portal_sewer_entry_f
D:4:      layout_gridville, ebering_ghost_sewer_d
D:5:      layout_gridville, ebering_ghost_sewer_d, trog_eyes_of_draining,
          uniq_crazy_yiuf_cottage, uniq_eustachio, uniq_ijyb
D:6:      cheibrodos_barr_body, layout_basic,
          minmay_temple_entry_gardened_gates, gup_ossuary_entry_pyramid,
          ebering_dispersal_statue_hall, uniq_duvessa
D:7:      layout_rooms, grunt_temple_overflow_open, basic_altar
D:8:      layout_cave_pools, erik_lair_dragon, serial_shops, nicolae_shop_trees,
          basic_altar, nemelex_xobeh_ov_fountains_minmay, uniq_prince_ribbit1,
          uniq_grum, uniq_harold, uniq_gastronok

Skill      XL: |  1  2  3  4  5  6  7  8  9 |
---------------+----------------------------+-----
Maces & Flails | 4 5 7 8 10 13 | 13.1
Fighting       | 4 6 8 9 |  9.9
Dodging        | 3 |  3.8
Armour         | 3 4 5 6 |  6.3
Stealth        | |  0.2

Action                   |  1- 3 |  4- 6 |  7- 9 | 10-12 || total
-------------------------+-------+-------+-------+-------++-------
Melee: Mace              |    33 |   121 |       |       ||   154
       Headbutt          |     5 |    25 |    83 |     2 ||   115
       Flail             |       |    32 |   308 |       ||   340
       Great mace        |       |       |     1 |    13 ||    14
Invok: Berserk           |       |     1 |     5 |     1 ||     7
  Use: Scroll            |       |       |     8 |     2 ||    10
       Potion            |       |       |       |     1 ||     1
Armor: Animal skin       |     7 |       |       |       ||     7
       Ring mail         |    15 |    55 |       |       ||    70
       Chain mail        |       |       |   143 |       ||   143
       Skin              |       |       |    11 |       ||    11
       Plate armour      |       |       |       |    54 ||    54
Dodge: Dodged            |    57 |   159 |   164 |    23 ||   403
